[ AOE2 MATCH · #508147835 ]
UnrankedMalians vs Goths
Player's team · WIN
Rival team · LOSS
[ REPLAY ANALYSIS · EXTRACTED FROM THE RECORDED GAME ]
Feudal
8:53
Castle
25:04
Imperial
—
| APM avg | 45.7 |
| APM peak | 102 |
| eAPM avg | 19.9 |
| Villagers / military | 40 / 30 |
Focus
⚔️ 25.2% · 🌾 74.8%
Archer ×23 · Knight ×6 · Skirmisher ×1
Feudal
11:53
Castle
23:37
Imperial
—
| APM avg | 51.9 |
| APM peak | 76 |
| eAPM avg | 22.9 |
| Villagers / military | 45 / 41 |
Focus
⚔️ 31.5% · 🌾 68.5%
Skirmisher ×19 · Archer ×8 · Militia ×8 · Mangonel ×3 · Spearman ×2 · Monk ×1
Match map
Initial resources + every placement click. Lines = walls · curves = elevation contours. ◆ gold · ⬟ stone · ● berries · ✦ relic · ◌ wall gap
Your base· ✓ Closed at 25:04 · 27t walls · no gate
felipences1980's base· Open — opponent sealed themselves in
Smoothed initial terrain · ◌ = detected wall gap · hover for details
Inputs per minute
— HernanJC - - felipences1980
Build order — HernanJC
142 actions detected in the replay
| 0:02 | Build | House |
| 0:03 | Build | House |
| 0:03 | Queue | Villager (Male) |
| 0:04 | Queue | Villager (Male) |
| 0:04 | Queue | Villager (Male) |
| 0:04 | Queue | Villager (Male) |
| 1:15 | Queue | Villager (Male) |
| 1:45 | Queue | Villager (Male) |
| 1:52 | Build | Lumber Camp |
| 2:06 | Queue | Villager (Male) |
| 2:43 | Queue | Villager (Male) |
| 3:01 | Build | House |
| 3:02 | Build | House |
| 3:16 | Queue | Villager (Male) |
| 3:35 | Queue | Villager (Male) |
| 3:35 | Queue | Villager (Male) |
| 3:47 | Queue | Villager (Male) |
| 4:17 | Build | Mill |
| 4:35 | Queue | Villager (Male) |
| 4:35 | Queue | Villager (Male) |
| 4:36 | Queue | Villager (Male) |
| 4:36 | Queue | Villager (Male) |
| 5:53 | Queue | Villager (Male) |
| 5:57 | Research | Loom |
| 6:40 | Research | Feudal Age |
| 7:14 | Build | House |
| 7:26 | Build | Palisade Wall |
| 7:27 | Build | Palisade Wall |
| 8:45 | Build | Barracks |
| 8:53 | Age | Feudal Age |
| 8:59 | Queue | Villager (Male) |
| 9:05 | Build | Mining Camp |
| 9:11 | Research | Double-Bit Axe |
| 9:46 | Build | Archery Range |
| 9:50 | Queue | Villager (Male) |
| 9:54 | Build | House |
| 10:10 | Queue | Villager (Male) |
| 10:15 | Build | House |
| 10:24 | Build | House |
| 10:27 | Queue | Archer |
| 10:27 | Queue | Archer |
| 10:47 | Build | House |
| 10:50 | Queue | Villager (Male) |
| 10:52 | Build | House |
| 10:57 | Build | Farm |
| 11:08 | Queue | Archer |
| 11:26 | Build | Farm |
| 11:30 | Queue | Villager (Male) |
| 11:48 | Build | Farm |
| 12:10 | Build | Farm |
| 12:12 | Queue | Archer |
| 12:30 | Build | Farm |
| 12:34 | Queue | Skirmisher |
| 12:57 | Queue | Villager (Male) |
| 13:38 | Queue | Villager (Male) |
| 13:38 | Queue | Villager (Male) |
| 14:21 | Queue | Archer |
| 14:21 | Queue | Archer |
| 14:29 | Build | House |
| 14:31 | Build | House |
| 14:33 | Build | Palisade Wall |
| 14:51 | Build | House |
| 14:53 | Build | Palisade Wall |
| 14:59 | Queue | Archer |
| 14:59 | Queue | Archer |
| 15:09 | Build | Mining Camp |
| 15:15 | Queue | Villager (Male) |
| 15:16 | Queue | Villager (Male) |
| 15:45 | Build | Palisade Wall |
| 15:48 | Build | Farm |
| 15:49 | Queue | Villager (Male) |
| 16:01 | Queue | Archer |
| 16:06 | Queue | Villager (Male) |
| 16:09 | Build | Farm |
| 16:20 | Build | Blacksmith |
| 16:24 | Build | Market |
| 16:26 | Queue | Villager (Male) |
| 16:30 | Build | Farm |
| 16:33 | Queue | Archer |
| 16:33 | Queue | Archer |
| 16:36 | Build | Farm |
| 16:42 | Build | Farm |
| 16:48 | Queue | Villager (Male) |
| 17:09 | Build | House |
| 17:15 | Queue | Archer |
| 17:21 | Research | Fletching |
| 17:24 | Build | Farm |
| 17:35 | Build | Lumber Camp |
| 17:38 | Build | Palisade Wall |
| 17:40 | Build | Palisade Wall |
| 17:43 | Queue | Villager (Male) |
| 17:45 | Queue | Archer |
| 17:56 | Build | Watch Tower |
| 18:15 | Queue | Archer |
| 18:25 | Build | House |
| 18:26 | Build | House |
| 18:44 | Queue | Villager (Male) |
| 18:44 | Queue | Villager (Male) |
| 18:56 | Research | Padded Archer Armor |
| 18:58 | Queue | Villager (Male) |
| 19:07 | Queue | Villager (Male) |
| 19:20 | Queue | Archer |
| 19:20 | Queue | Archer |
| 19:42 | Build | Farm |
| 19:43 | Queue | Villager (Male) |
| 19:53 | Build | House |
| 20:05 | Build | House |
| 20:09 | Build | Mill |
| 20:18 | Queue | Archer |
| 20:30 | Queue | Villager (Male) |
| 20:50 | Queue | Archer |
| 21:16 | Queue | Villager (Male) |
| 21:24 | Queue | Archer |
| 21:29 | Build | Lumber Camp |
| 21:32 | Queue | Villager (Male) |
| 21:52 | Build | House |
| 22:24 | Research | Castle Age |
| 22:42 | Queue | Archer |
| 22:42 | Queue | Archer |
| 23:04 | Build | Stable |
| 23:08 | Research | Horse Collar |
| 23:10 | Queue | Archer |
| 23:19 | Research | Gold Mining |
| 23:50 | Build | Stable |
| 23:55 | Research | Scale Barding Armor |
| 23:57 | Research | Forging |
| 24:00 | Queue | Archer |
| 24:21 | Build | Farm |
| 24:22 | Build | Farm |
| 24:22 | Build | Farm |
| 24:22 | Build | Farm |
| 24:36 | Research | Town Watch |
| 24:55 | Build | House |
| 25:04 | Age | Castle Age |
| 25:09 | Queue | Knight |
| 25:09 | Queue | Knight |
| 25:10 | Queue | Knight |
| 25:11 | Queue | Knight |
| 25:26 | Build | Farm |
| 25:33 | Research | Crossbowman (upgrade) |
| 26:45 | Queue | Knight |
| 26:45 | Queue | Knight |
Build order — felipences1980
149 actions detected in the replay
| 0:01 | Queue | Villager (Male) |
| 0:01 | Queue | Villager (Male) |
| 0:04 | Build | House |
| 0:06 | Build | House |
| 0:11 | Queue | Villager (Male) |
| 0:13 | Research | Loom |
| 0:27 | Queue | Villager (Male) |
| 1:18 | Queue | Villager (Male) |
| 1:54 | Queue | Villager (Male) |
| 2:40 | Queue | Villager (Male) |
| 2:40 | Queue | Villager (Male) |
| 2:40 | Queue | Villager (Male) |
| 2:47 | Build | House |
| 3:01 | Queue | Villager (Male) |
| 3:26 | Queue | Villager (Male) |
| 3:47 | Queue | Villager (Male) |
| 3:47 | Queue | Villager (Male) |
| 3:58 | Build | Barracks |
| 4:14 | Queue | Villager (Male) |
| 4:40 | Build | House |
| 4:52 | Build | Palisade Wall |
| 4:54 | Build | Palisade Wall |
| 5:04 | Queue | Villager (Male) |
| 5:18 | Queue | Militia |
| 5:18 | Queue | Militia |
| 5:36 | Queue | Militia |
| 5:36 | Queue | Militia |
| 5:38 | Queue | Villager (Male) |
| 5:55 | Queue | Militia |
| 6:09 | Queue | Villager (Male) |
| 6:20 | Queue | Villager (Male) |
| 6:44 | Build | Mill |
| 6:55 | Queue | Villager (Male) |
| 7:28 | Queue | Villager (Male) |
| 7:33 | Build | House |
| 8:18 | Build | Mill |
| 8:23 | Build | Lumber Camp |
| 9:03 | Queue | Villager (Male) |
| 9:43 | Research | Feudal Age |
| 9:43 | Research | Feudal Age |
| 9:50 | Build | Mining Camp |
| 10:47 | Queue | Militia |
| 10:47 | Queue | Militia |
| 11:07 | Build | Farm |
| 11:11 | Build | Farm |
| 11:18 | Queue | Militia |
| 11:53 | Age | Feudal Age |
| 11:58 | Research | Man-at-Arms (upgrade) |
| 12:03 | Queue | Villager (Male) |
| 12:10 | Build | Farm |
| 12:14 | Build | Farm |
| 12:22 | Research | Double-Bit Axe |
| 12:22 | Research | Double-Bit Axe |
| 12:34 | Queue | Villager (Male) |
| 12:41 | Build | House |
| 13:03 | Queue | Villager (Male) |
| 13:08 | Build | House |
| 13:31 | Queue | Villager (Male) |
| 14:18 | Queue | Villager (Male) |
| 14:31 | Build | Archery Range |
| 14:34 | Build | Archery Range |
| 14:37 | Queue | Villager (Male) |
| 15:05 | Build | Blacksmith |
| 15:16 | Queue | Villager (Male) |
| 15:30 | Queue | Archer |
| 15:30 | Queue | Archer |
| 15:35 | Queue | Villager (Male) |
| 15:45 | Build | House |
| 15:49 | Research | Padded Archer Armor |
| 15:50 | Research | Fletching |
| 15:50 | Research | Fletching |
| 15:57 | Queue | Archer |
| 15:58 | Queue | Archer |
| 16:00 | Queue | Archer |
| 16:01 | Queue | Archer |
| 16:01 | Queue | Archer |
| 16:01 | Queue | Archer |
| 16:05 | Queue | Skirmisher |
| 16:05 | Queue | Skirmisher |
| 16:10 | Queue | Skirmisher |
| 16:11 | Queue | Skirmisher |
| 16:13 | Queue | Villager (Male) |
| 16:27 | Queue | Villager (Male) |
| 16:38 | Build | House |
| 16:39 | Build | House |
| 16:41 | Build | House |
| 17:00 | Build | Farm |
| 17:35 | Queue | Villager (Male) |
| 17:39 | Build | Farm |
| 17:40 | Queue | Villager (Male) |
| 18:49 | Queue | Villager (Male) |
| 18:51 | Build | Farm |
| 18:52 | Build | Farm |
| 18:52 | Build | Farm |
| 18:52 | Build | Farm |
| 18:53 | Build | Farm |
| 19:12 | Queue | Villager (Male) |
| 19:15 | Build | Market |
| 19:18 | Queue | Villager (Male) |
| 19:20 | Build | Farm |
| 19:20 | Build | Farm |
| 19:20 | Build | Farm |
| 19:21 | Build | Farm |
| 19:21 | Build | Farm |
| 19:22 | Queue | Villager (Male) |
| 20:22 | Queue | Skirmisher |
| 20:22 | Queue | Skirmisher |
| 20:23 | Queue | Skirmisher |
| 20:23 | Queue | Skirmisher |
| 20:32 | Queue | Villager (Male) |
| 20:48 | Research | Castle Age |
| 20:48 | Research | Castle Age |
| 20:51 | Queue | Skirmisher |
| 20:51 | Queue | Skirmisher |
| 20:51 | Queue | Skirmisher |
| 21:09 | Queue | Skirmisher |
| 21:09 | Queue | Skirmisher |
| 21:09 | Queue | Skirmisher |
| 21:24 | Queue | Skirmisher |
| 21:25 | Queue | Skirmisher |
| 21:25 | Queue | Skirmisher |
| 21:41 | Queue | Villager (Male) |
| 21:44 | Queue | Skirmisher |
| 21:44 | Queue | Skirmisher |
| 22:32 | Queue | Villager (Male) |
| 22:35 | Research | Gold Mining |
| 22:35 | Research | Gold Mining |
| 22:56 | Queue | Spearman |
| 23:05 | Queue | Spearman |
| 23:14 | Build | Lumber Camp |
| 23:37 | Age | Castle Age |
| 23:39 | Build | Siege Workshop |
| 23:44 | Research | Elite Skirmisher (upgrade) |
| 23:48 | Research | Leather Archer Armor |
| 24:04 | Queue | Villager (Male) |
| 24:19 | Queue | Mangonel |
| 24:19 | Queue | Mangonel |
| 24:41 | Build | Mining Camp |
| 24:43 | Queue | Villager (Male) |
| 24:54 | Build | House |
| 25:36 | Queue | Mangonel |
| 25:40 | Build | Monastery |
| 25:53 | Queue | Villager (Male) |
| 25:55 | Build | Farm |
| 25:55 | Build | Farm |
| 25:56 | Queue | Villager (Male) |
| 25:58 | Queue | Villager (Male) |
| 26:27 | Queue | Monk |
| 26:36 | Build | Monastery |
Match timeline
| 3:58 | felipences1980 · first_building Barracks |
| 4:52 | felipences1980 · wall_segment Palisade Wall x1 |
| 4:54 | felipences1980 · wall_segment Palisade Wall x1 |
| 7:26 | HernanJC · wall_segment Palisade Wall x1 |
| 7:27 | HernanJC · wall_segment Palisade Wall x1 |
| 8:45 | HernanJC · first_building Barracks |
| 8:53 | HernanJC · age_up feudal |
| 9:46 | HernanJC · first_building Archery Range |
| 11:53 | felipences1980 · age_up feudal |
| 14:31 | felipences1980 · first_building Archery Range |
| 14:33 | HernanJC · wall_segment Palisade Wall x1 |
| 14:53 | HernanJC · wall_segment Palisade Wall x8 |
| 15:45 | HernanJC · wall_segment Palisade Wall x10 |
| 17:38 | HernanJC · wall_segment Palisade Wall x2 |
| 17:40 | HernanJC · wall_segment Palisade Wall x4 |
| 20:34 | felipences1980 · first_market_sell 100 stone |
| 20:35 | felipences1980 · first_market_buy 100 food |
| 22:20 | HernanJC · first_market_buy 100 food |
| 23:04 | HernanJC · first_building Stable |
| 23:37 | felipences1980 · age_up castle |
| 23:39 | felipences1980 · first_building Siege Workshop |
| 25:04 | HernanJC · age_up castle |
| 25:40 | felipences1980 · first_building Monastery |
| 26:51 | felipences1980 · resign |
[ AI ANALYSIS · 1 CREDIT ]
What really happened in this match?
Wolo.gg analyzes every decision: build order, eco, micro, common mistakes by bracket. Personalized analysis on WhatsApp or Discord in 30 seconds.
Civ guide
Malians
Perfil
HernanJC